AoeStats
← THL

Arabian Desert

510313234Analyzed
1v1 RM · 1d ago on Sep 30, 2026· 44m 4s· 2 players
Game mode
Random Map
Map size
Tiny (2 player)
Population
200
Speed
Normal
Resources
Standard
Victory
Conquest
Starting age
Dark Age
Ending age
Imperial Age
RankedLock teamsTeams togetherTeam positionsShared explorationLock speedFull tech treeHidden civsTurbo modeCheats
Victory
Defeat
🇩🇴 Italians · Dominican Republic
1777
+18
🇻🇳 Tatars · Vietnam
1830
-18
RD | El_Zapatero22
8:24 Feudal Age
10:14 Loom
10:45 Double-Bit Axe
12:08 Horse Collar
18:39 Castle Age
16:59 Gold Mining
17:47 Bloodlines
18:38 Forging
20:49 Scale Barding Armor
25:20 Husbandry
28:03 Fletching
29:43 Ballistics
29:48 Stone Mining
30:04 Bodkin Arrow
34:56 Padded Archer Armor
35:57 Leather Archer Armor
37:25 Wheelbarrow
37:27 Thumb Ring
THL
5:35 Loom
8:55 Feudal Age
11:02 Double-Bit Axe
21:16 Castle Age
20:14 Fletching
20:16 Gold Mining
20:26 Horse Collar
25:41 Bodkin Arrow
27:54 Bloodlines
29:08 Husbandry
31:27 Bow Saw
32:54 Wheelbarrow
32:53 Ballistics
32:46 Padded Archer Armor
Connection lost

Rejoining the realm…

Still unreachable

The connection could not be restored.

Session expired

The server has moved on; the page needs a fresh start.